 Dungeon Crawl Stone Soup version 0.18.1-48-g4cf74bf (webtiles) character file.

174 nicanaca0 the Spear-Bearer (level 5, 0/57 HPs)
             Began as a Merfolk Gladiator on June 26, 2016.
             Slain by Pikel
             ... wielding a +2 whip of flaming
              (3 damage)
             ... on level 3 of the Dungeon.
             The game lasted 00:09:36 (2985 turns).

nicanaca0 the Spear-Bearer (Merfolk Gladiator)      Turns: 2985, Time: 00:09:37

Health: 0/57       AC: 22    Str: 15    XL:     5   Next: 54%
Magic:  5/5        EV:  2    Int:  7    God:
Gold:   206        SH:  0    Dex: 16    Spells: 0 memorised, 4 levels left

rFire  . . .     SeeInvis .     a - +0 trident
rCold  . . .     Gourm    .     (armour currently unavailable)
rNeg   + + +     Faith    .     (no shield)
rPois  +         Spirit   .     (helmet currently unavailable)
rElec  .         Dismiss  .     (cloak currently unavailable)
rCorr  .         Reflect  .     (gloves currently unavailable)
SustAt .         Harm     .     (boots currently unavailable)
MR     .....     NoTele   +     (no amulet)
Stlth  +.........               (no ring)
                                t - +3 ring of evasion

@: tree-form, not resistant to hostile enchantments, very unstealthy
A: (change form in water), (swift swim)
a: no special abilities


You were on level 3 of the Dungeon.
You were not hungry.
You were a tree.
You visited 1 branch of the dungeon, and saw 4 of its levels.

You collected 206 gold pieces.

Inventory:

Hand Weapons
 a - a +0 trident (weapon)
Missiles
 d - 3 throwing nets
 g - 112 stones
 s - 2 tomahawks (quivered)
Armour
 b - a +0 leather armour (melded)
 c - a +0 helmet (melded)
 l - a +0 cloak (melded)
Jewellery
 t - a +3 ring of evasion (left branch)
 y - an uncursed ring of teleportation
Scrolls
 m - a scroll of remove curse
 n - 2 scrolls of identify {unknown}
 o - a scroll of teleportation {unknown}
 p - a scroll of immolation {unknown}
 r - a scroll of enchant armour {unknown}
Potions
 j - a potion of degeneration {unknown}
 k - a potion of haste {unknown}
 x - 2 potions of mutation {unknown}
Comestibles
 f - 4 bread rations
 i - 3 fruits
 u - a meat ration


   Skills:
 - Level 2.1 Fighting
 * Level 8.8 Polearms
 - Level 2.0 Throwing
 - Level 4.0 Dodging


You had 4 spell levels left.
You didn't know any spells.

Dungeon Overview and Level Annotations

Branches:
Dungeon (4/15)
 Temple: D:4-7

Altars:
Elyvilon
Kikubaaqudgha
Trog
Yredelemnul

Annotations:
D:3 Pikel


Message History

You hit Pikel but do no damage.
Pikel is heavily wounded.
The slave hits you but does no damage. x2; Pikel barely misses you.
You hit Pikel.
Pikel is severely wounded.
The slave hits you but does no damage. x2; Pikel hits you but does no damage.
You closely miss Pikel.
Pikel is severely wounded.
The slave hits you.
* * * LOW HITPOINT WARNING * * *
The slave hits you but does no damage.
You hit Pikel but do no damage.
Pikel is severely wounded.
Pikel hits you but does no damage. The slave hits you but does no damage.
You hit Pikel but do no damage.
Pikel is severely wounded.
The slave hits you.
* * * LOW HITPOINT WARNING * * *
Pikel hits you with a whip of flaming.
You die...

)#....##..# #...# #...#....
.#.....#..#####...#######...##...
.#.....#...........>........####.
.#...........................)...
##................).<.....#...#.#
###...#########..[#######.#...#.#
# #.### #...# #.......# # #.#
#...# ###...### #.# #.♣.#
#......# #.#


#Kpp# #....#.. #.# ####.>.## #....... ###.# #.......# #...#... ....#
#.###.#.#######.####.. ############.##.........##.......
#............##.####.######### #.####..#.##..#.# #.# #.####..#.###.#.# #.# You
could see Pikel and 2 slaves.

Vanquished Creatures
  A slave (D:3)
  A hound (D:4)
  An orc priest (D:3)
  2 adders (D:2)
  2 oozes (D:1)
  A worm (D:3)
  4 dart slugs (D:2)
  2 giant geckos
  6 orcs
  12 bats
  4 giant cockroaches
  10 goblins
  5 hobgoblins
  3 quokkas
  6 giant newts
  6 kobolds
  8 rats
74 creatures vanquished.

Notes
Turn   | Place    | Note
--------------------------------------------------------------
     0 | D:1      | nicanaca0 the Merfolk Gladiator began the quest for the Orb.
     0 | D:1      | Reached XP level 1. HP: 16/16 MP: 1/1
    80 | D:1      | Reached skill level 5 in Polearms
    86 | D:1      | Reached XP level 2. HP: 7/22 MP: 2/2
   629 | D:1      | Reached skill level 6 in Polearms
   629 | D:1      | Reached XP level 3. HP: 27/27 MP: 3/3
  1056 | D:2      | Found a faded altar to an unknown god.
  1247 | D:2      | Reached XP level 4. HP: 30/33 MP: 4/4
  1270 | D:2      | Reached skill level 7 in Polearms
  2074 | D:3      | Reached skill level 8 in Polearms
  2074 | D:3      | Reached XP level 5. HP: 36/38 MP: 5/5
  2209 | D:3      | Found an ancient bone altar of Kikubaaqudgha.
  2306 | D:3      | Found a white marble altar of Elyvilon.
  2432 | D:3      | Found a basalt altar of Yredelemnul.
  2513 | D:3      | Found a basalt altar of Yredelemnul.
  2716 | D:3      | Found a bloodstained altar of Trog.
  2791 | D:4      | Noticed Pikel
  2791 | D:4      | Noticed a slave
  2791 | D:4      | Noticed a slave
  2800 | D:4      | Noticed a slave
  2823 | D:3      | Killed a slave
  2963 | D:4      | Noticed a slave
  2985 | D:3      | Slain by Pikel

Skill      XL: |  1  2  3  4 |
---------------+-------------+-----
Polearms       | 5 6 8 |  8.8
Fighting       | |  2.1
Throwing       | |  2.0
Dodging        | |  4.0

Action                   |  1- 3 |  4- 6 || total
-------------------------+-------+-------++-------
Melee: Trident           |   140 |   165 ||   305
Throw: Throwing net      |     1 |       ||     1
       Tomahawk          |       |     7 ||     7
  Use: Potion            |       |     3 ||     3
       Scroll            |       |     1 ||     1
  Eat: Chunk             |     1 |     6 ||     7
Armor: Leather armour    |    36 |    25 ||    61
       Skin              |       |    25 ||    25
Dodge: Dodged            |    83 |   102 ||   185
